 Dungeon Crawl Stone Soup version 0.30.0-29-ga12c61a403 (webtiles) character file.

Game seed: 8908771371441015930

3519 seaoflcl the Cleaver (level 9, -2/79 HPs)
             Began as a Minotaur Fighter on June 10, 2023.
             Slain by a troll (9 damage)
             ... on level 8 of the Dungeon.
             The game lasted 00:10:01 (8051 turns).

seaoflcl the Cleaver (Minotaur Fighter)             Turns: 8051, Time: 00:10:02

Health: -2/79      AC: 14    Str: 26    XL:     9   Next: 81%
Magic:  8/8        EV:  7    Int:  5    God:
Gold:   390        SH:  5    Dex:  9    Spells: 8/8 levels left

rFire   . . .        a - +0 war axe
rCold   + . .        c - +0 buckler
rNeg    . . .        m - +0 plate armour
rPois   .            (helmet restricted)
rElec   .            (no cloak)
rCorr   .            (no gloves)
SInv    .            E - +0 pair of boots
Will    +....        (no amulet) Stlth
                     g - ring of protection from cold
HPRegen 0.33/turn    A - ring of willpower
MPRegen 0.11/turn

%: no passive effects
@: hasted, very quick
A: horns 2, retaliatory headbutt
a: no special abilities


You were on level 8 of the Dungeon.
You visited 2 branches of the dungeon, and saw 9 of its levels.

You collected 390 gold pieces.

Inventory:

Hand Weapons
 a - a +0 war axe (weapon)
 q - a +2 rapier of speed
 F - a +3 short sword
Missiles
 l - 11 poisoned darts (quivered)
 w - 2 javelins
Armour
 c - a +0 buckler (worn)
 m - a +0 plate armour (worn)
 E - a +0 pair of boots (worn)
Jewellery
 g - a ring of protection from cold (left hand)
 h - a ring of wizardry
 p - a +6 ring of intelligence
 s - an amulet of faith
 x - a +6 ring of intelligence
 A - a ring of willpower (right hand)
 B - a +6 ring of dexterity
Wands
 C - a wand of flame (12)
 D - a wand of iceblast (18)
Scrolls
 e - a scroll of enchant armour
 i - a scroll of enchant weapon
 j - 3 scrolls of poison
 n - a scroll of vulnerability
 o - a scroll of silence
 r - 3 scrolls of immolation
 u - a scroll of blinking {unknown}
 y - a scroll of teleportation {unknown}
 G - a scroll of fear {unknown}
Potions
 b - 2 potions of lignification
 d - 4 potions of might
 f - 2 potions of ambrosia
 k - a potion of berserk rage
 t - a potion of curing
 v - a potion of experience {unknown}
 z - 2 potions of haste


   Skills:
 + Level 7.6 Fighting
 + Level 5.1 Short Blades
 * Level 9.6 Axes
 + Level 4.8 Throwing
 + Level 7.4 Armour
 + Level 7.4 Shields


You had 8 spell levels left.
You didn't know any spells.
Your spell library contained the following spells:

 Spells                   Type           Power      Damage    Failure   Level
 Apportation              Tloc           0%         N/A       100%        1
 Necrotise                Necr           0%         1d4       100%        1
 Summon Small Mammal      Summ           0%         N/A       100%        1
 Gell's Gravitas          Tloc           0%         N/A       100%        3
 Stone Arrow              Conj/Erth      0%         3d7       100%        3
 Teleport Other           Tloc           0%         N/A       100%        3
 Animate Armour           Summ/Erth      0%         N/A       100%        4
 Alistair's Intoxication  Tmut/Pois      0%         N/A       100%        5
 Borgnjor's Vile Clutch   Necr/Erth      0%         N/A       100%        5
 Dispersal                Tloc           0%         N/A       100%        6
 Eringya's Noxious Bog    Tmut/Pois      0%         N/A       100%        6
 Lehudib's Crystal Spear  Conj/Erth      0%         10d2      100%        8


Dungeon Overview and Level Annotations

Branches:
Dungeon (8/15)             Temple (1/1) D:5            Lair (0/5) D:8

Altars:
Ashenzari
Cheibriados
Elyvilon
Fedhas
Gozag
Hepliaklqana
Kikubaaqudgha
Makhleb
Nemelex Xobeh
Qazlal
Ru
Sif Muna
Trog
Uskayaw
Vehumet
Wu Jian
Xom
Yredelemnul
The Shining One

Shops:
D:4 [

Annotations:
D:7 3 runed translucent doors, hawla's ghost, novice MeFE


Innate Abilities, Weirdness & Mutations

You have a pair of horns on your head.
You reflexively headbutt those who attack you in melee.


Message History

You closely miss the troll. Your headbutt misses the troll.
The troll is moderately wounded.
The troll bites you. The troll claws you but does no damage.
The troll claws you.
You hit the troll but do no damage.
The troll is moderately wounded.
The troll bites you! The troll claws you. x2
You hit the troll. Your headbutt misses the troll.
The troll is moderately wounded.
You block the troll's attack. The troll claws you.
You block the troll's attack.
You slash the troll!
The troll is heavily wounded.
The troll bites you. The troll barely misses you. The troll claws you.
You closely miss the troll.
The troll is heavily wounded.
The troll bites you! You block the troll's attack. The troll claws you.
You closely miss the troll.
The troll is heavily wounded.
You block the troll's attack. The troll barely misses you. x2
You barely miss the troll. You headbutt the troll!
The troll is severely wounded.
The troll bites you!
* * * LOW HITPOINT WARNING * * *
You block the troll's attack. The troll claws you.
* * * LOW HITPOINT WARNING * * *
The troll barely misses you. x2; You block the troll's attack.
You feel yourself speed up. You block the troll's attack. x2
The troll claws you but does no damage.
Okay, then.
You hit the troll but do no damage.
The troll is severely wounded.
You barely miss the troll. You headbutt the troll.
The troll is severely wounded.
The troll barely misses you. You furiously retaliate!
You headbutt the troll, but do no damage.
The troll claws you!
* * * LOW HITPOINT WARNING * * *
The troll claws you!
You die...

#.#..#...~≈~~~~ ~~
#.#..#...~.~.~ S
#.#......~~.. ≈
#(#..#...... ≈≈S ≈
#.#..#...... .≈~≈~
#.#....).... ..#.#
#.#.######## #.#.#
#....####### # #.#.#
#..@.......#.# #.#.#
#.#T.#####.#.# #.#.#
#.#..# #.#.# #.#.#
#.#..#####...##.#..#
#.#............###.#
#<##.###...####...##
#.##.###............
#.##.......#####.###
#..........# #.#


You could see a troll.

Vanquished Creatures
  Pikel (D:6)
  2 ice beasts
  An orc warrior (D:8)
  2 sky beasts
  A centaur (D:8)
  A wolf (D:8)
  An ogre (D:6)
  A phantom (D:5)
  5 bullfrogs
  3 scorpions
  A wyvern zombie (D:5)
  3 wights (D:6)
  9 killer bees (D:7)
  An electric eel (D:8)
  2 bullfrog zombies
  A centaur zombie (D:7)
  7 hounds
  4 orc priests
  A centaur skeleton (D:5)
  4 sleepcaps
  Natasha (thrice) (D:2)
  An iguana (D:5)
  5 orc wizards
  7 gnolls
  A howler monkey skeleton (D:5)
  10 adders
  An ufetubus (D:4)
  An adder zombie (D:5)
  4 worms
  3 dart slugs
  20 orcs
  2 bats
  4 endoplasms
  4 giant cockroaches
  5 goblins
  10 hobgoblins
  9 jackals
  3 quokkas
  5 ball pythons
  4 frilled lizards
  9 kobolds
  4 rats (D:1)
166 creatures vanquished.

Vanquished Creatures (others)
  An orc wizard (D:8)
  A butterfly (D:4)
2 creatures vanquished.

Grand Total: 168 creatures vanquished

Notes
Turn   | Place    | Note
-------+----------+-------------------------------------------
     0 | D:1      | seaoflcl the Minotaur Fighter began the quest for the Orb.
     0 | D:1      | Reached XP level 1. HP: 19/19 MP: 0/0
    48 | D:1      | Reached XP level 2. HP: 19/27 MP: 1/1
    52 | D:1      | Reached skill level 3 in Axes
   133 | D:1      | Reached XP level 3. HP: 33/33 MP: 2/2
   262 | D:1      | Found a faded altar of an unknown god.
   667 | D:2      | Noticed Natasha
   673 | D:2      | Killed Natasha
   674 | D:2      | Reached XP level 4. HP: 38/40 MP: 3/3
   761 | D:2      | Reached skill level 4 in Axes
   864 | D:2      | You fall into a shaft and drop 2 floors!
   868 | D:4      | Found Qupimafy's Antique Armour Emporium.
  1122 | D:3      | Reached XP level 5. HP: 47/47 MP: 4/4
  2133 | D:2      | Noticed Natasha
  2140 | D:2      | Killed Natasha
  2141 | D:2      | Reached skill level 1 in Throwing
  2271 | D:2      | Noticed Natasha
  2281 | D:2      | Killed Natasha
  2402 | D:4      | Reached XP level 6. HP: 55/55 MP: 5/5
  2438 | D:4      | Found a white marble altar of Elyvilon.
  2493 | D:4      | Reached skill level 1 in Short Blades
  2493 | D:4      | Reached skill level 5 in Axes
  2599 | D:4      | Found a sparkling altar of Nemelex Xobeh.
  2736 | D:5      | Entered Level 5 of the Dungeon
  2747 | D:5      | Reached skill level 5 in Fighting
  2775 | D:5      | Reached skill level 5 in Armour
  2783 | D:5      | Reached skill level 5 in Shields
  2849 | D:5      | Found a staircase to the Ecumenical Temple.
  2862 | Temple   | Entered the Ecumenical Temple
  3107 | D:5      | Reached XP level 7. HP: 12/61 MP: 6/6
  3525 | D:5      | Reached skill level 6 in Axes
  4170 | D:6      | Reached XP level 8. HP: 33/70 MP: 7/7
  4471 | D:6      | Noticed Pikel
  4484 | D:6      | Killed Pikel
  4485 | D:6      | Reached skill level 7 in Axes
  4881 | D:6      | Reached skill level 8 in Axes
  4973 | D:6      | Reached XP level 9. HP: 74/78 MP: 8/8
  5908 | D:7      | Found a runed translucent gate.
  5908 | D:7      | Found a runed translucent gate.
  5908 | D:7      | Found a runed translucent gate.
  5908 | D:7      | Noticed hawla's ghost (novice MeFE)
  5910 | D:7      | Found a basalt altar of Yredelemnul.
  6881 | D:8      | Reached skill level 9 in Axes
  7181 | D:8      | Found a staircase to the Lair.
  7204 | D:8      | Reached skill level 5 in Short Blades
  8036 | D:8      | Noticed a troll
  8051 | D:8      | Slain by a troll

Illustrated notes

Levels and vault maps discovered:
D:1:      dpeg_arrival_radiant, layout_rooms, ebering_ecumenical_altar_hall,
          minmay_tall_x
D:2:      layout_loops_ring, kennysheep_generic_room_10, uniq_natasha
D:3:      layout_basic
D:4:      layout_basic, nicolae_elyvilon_peaceful_grove, general_overflow_altar,
          serial_glass, glass_columns_a, glass_columns_c,
          nicolae_take_the_stairs
D:5:      layout_gridville, minmay_temple_entry_mist, serial_undead,
          serial_undead_a, serial_undead_e, serial_undead_a, serial_undead_c,
          serial_undead_d
D:6:      layout_basic, uniq_pikel
D:7:      layout_gridville, nicolae_yredelemnul_ghost_church
D:8:      layout_loops_ring, kennysheep_mini, erik_lair_island
Temple:   nicolae_temple_elliptical

Skill      XL: |  1  2  3  4  5  6  7  8  9 |
---------------+----------------------------+-----
Axes           | 3 4 5 6 8 9 |  9.6
Shields        | 4 5 6 7 |  7.4
Armour         | 4 5 6 7 |  7.4
Fighting       | 4 5 6 7 |  7.6
Throwing       | 1 2 3 4 |  4.8
Short Blades   | 1 2 4 5 |  5.1

Action                     |  1- 3 |  4- 6 |  7- 9 || total
---------------------------+-------+-------+-------++-------
  Melee: War axe           |    84 |   138 |   294 ||   516
         Headbutt          |     6 |    22 |    48 ||    76
    Use: Scroll            |       |       |     9 ||     9
         Potion            |       |       |     4 ||     4
 Armour: Scale mail        |    37 |       |       ||    37
         Chain mail        |    18 |    12 |       ||    30
         Plate armour      |       |    75 |   218 ||   293
  Dodge: Dodged            |    49 |    49 |   119 ||   217
  Block: Buckler           |    24 |    38 |    96 ||   158
